[ AOE2 MATCH · #504923763 ]
UnrankedTupi vs Aztecs
Player's team · LOSS
Rival team · WIN
[ REPLAY ANALYSIS · EXTRACTED FROM THE RECORDED GAME ]
Feudal
13:56
Castle
27:27
Imperial
49:25
| APM avg | 69.7 |
| APM peak | 125 |
| eAPM avg | 25.1 |
| Villagers / military | 123 / 2 |
Focus
⚔️ 50.8% · 🌾 49.2%
Unknown (2579) ×167 · Unknown (2550) ×123 · Trebuchet (Packed) ×2
Feudal
10:36
Castle
25:24
Imperial
55:18
| APM avg | 58.2 |
| APM peak | 93 |
| eAPM avg | 24.6 |
| Villagers / military | 175 / 301 |
Focus
⚔️ 46.3% · 🌾 53.7%
Eagle Scout ×137 · Skirmisher ×86 · Militia ×50 · Archer ×14 · Spearman ×9 · Mangonel ×5
Match map
Initial resources + every placement click. Lines = walls · curves = elevation contours. ◆ gold · ⬟ stone · ● berries · ✦ relic · ◌ wall gap
Your base· Open — opponent sealed themselves in
Chifuu's base· Open — 3t gap
Smoothed initial terrain · ◌ = detected wall gap · hover for details
Inputs per minute
— hoyohoyo9 - - Chifuu
Build order — hoyohoyo9
First 150 of 581 actions detected
| 0:01 | Queue | Villager (Male) ×4 |
| 0:02 | Build | House |
| 1:13 | Build | House |
| 1:27 | Queue | Villager (Male) |
| 1:42 | Queue | Villager (Male) |
| 1:42 | Queue | Villager (Male) |
| 2:02 | Build | Settlement |
| 2:31 | Queue | Villager (Male) |
| 2:45 | Queue | Villager (Male) |
| 3:24 | Queue | Villager (Male) |
| 3:24 | Queue | Villager (Male) |
| 3:55 | Queue | Villager (Male) |
| 4:16 | Queue | Villager (Male) |
| 4:31 | Build | Barracks |
| 4:46 | Build | House |
| 4:47 | Research | Loom |
| 5:10 | Build | House |
| 5:14 | Queue | Unit 2550 |
| 5:21 | Queue | Villager (Male) |
| 5:30 | Build | Palisade Wall |
| 5:31 | Queue | Unit 2550 |
| 5:34 | Queue | Villager (Male) |
| 5:47 | Queue | Unit 2550 |
| 6:09 | Queue | Villager (Male) |
| 6:20 | Queue | Villager (Male) |
| 6:51 | Build | Settlement |
| 7:03 | Queue | Villager (Male) |
| 7:10 | Build | House |
| 7:11 | Build | Palisade Wall |
| 7:40 | Queue | Unit 2550 |
| 7:41 | Queue | Villager (Male) |
| 7:42 | Queue | Villager (Male) |
| 8:04 | Queue | Villager (Male) |
| 8:23 | Queue | Villager (Male) |
| 8:28 | Build | Settlement |
| 8:37 | Queue | Unit 2550 |
| 8:43 | Build | Palisade Wall |
| 9:18 | Queue | Villager (Male) |
| 10:00 | Queue | Villager (Male) |
| 10:03 | Build | Farm |
| 10:03 | Build | Farm |
| 10:03 | Build | Farm |
| 10:03 | Build | Farm |
| 10:04 | Build | Farm |
| 10:04 | Build | Farm |
| 10:23 | Build | Farm |
| 10:23 | Build | Farm |
| 10:24 | Queue | Villager (Male) |
| 10:54 | Build | Palisade Wall |
| 11:46 | Research | Feudal Age |
| 11:50 | Build | Palisade Wall |
| 12:12 | Queue | Villager (Male) |
| 12:15 | Build | Palisade Wall |
| 12:17 | Build | Palisade Wall |
| 12:18 | Build | Palisade Wall |
| 12:20 | Build | Palisade Wall |
| 12:32 | Build | House |
| 12:38 | Queue | Unit 2550 |
| 12:38 | Queue | Unit 2550 |
| 12:39 | Queue | Villager (Male) |
| 12:41 | Build | Barracks |
| 13:10 | Queue | Villager (Male) |
| 13:21 | Build | Palisade Wall |
| 13:22 | Build | Palisade Wall |
| 13:24 | Build | Palisade Wall |
| 13:33 | Queue | Villager (Male) |
| 13:39 | Build | House |
| 13:40 | Build | Palisade Wall |
| 13:42 | Queue | Unit 2550 |
| 13:42 | Queue | Unit 2550 |
| 13:49 | Build | Palisade Wall |
| 13:54 | Build | Palisade Wall |
| 13:56 | Age | Feudal Age |
| 14:06 | Research | Tech 1402 |
| 14:08 | Queue | Unit 2550 |
| 14:09 | Queue | Unit 2550 |
| 14:14 | Build | Palisade Wall |
| 14:16 | Queue | Villager (Male) |
| 14:17 | Queue | Unit 2550 |
| 14:18 | Queue | Unit 2550 |
| 14:41 | Queue | Unit 2550 |
| 15:02 | Build | Settlement |
| 15:02 | Queue | Villager (Male) |
| 15:08 | Queue | Unit 2550 |
| 15:23 | Build | Blacksmith |
| 15:30 | Build | Farm |
| 15:34 | Build | House |
| 15:35 | Build | House |
| 15:37 | Build | Palisade Wall |
| 15:47 | Queue | Unit 2550 |
| 15:48 | Queue | Unit 2550 |
| 15:58 | Queue | Villager (Male) |
| 16:24 | Research | Scale Mail Armor |
| 16:24 | Research | Scale Mail Armor |
| 16:25 | Build | Farm |
| 16:26 | Build | Farm |
| 16:26 | Build | Farm |
| 16:26 | Build | Farm |
| 16:26 | Build | Farm |
| 16:32 | Queue | Villager (Male) |
| 16:32 | Queue | Villager (Male) |
| 16:57 | Queue | Villager (Male) |
| 16:58 | Queue | Villager (Male) |
| 17:11 | Queue | Unit 2550 |
| 17:11 | Queue | Unit 2550 |
| 17:13 | Build | Farm |
| 17:13 | Build | Farm |
| 17:14 | Build | Farm |
| 17:27 | Queue | Unit 2550 |
| 17:27 | Queue | Unit 2550 |
| 17:34 | Build | House |
| 17:44 | Build | Farm |
| 17:45 | Build | Farm |
| 17:48 | Queue | Unit 2550 |
| 17:49 | Queue | Unit 2550 |
| 17:58 | Queue | Villager (Male) |
| 18:12 | Build | Palisade Wall |
| 18:31 | Queue | Villager (Male) |
| 18:39 | Queue | Villager (Male) |
| 18:40 | Queue | Villager (Male) |
| 18:50 | Queue | Unit 2550 |
| 18:51 | Queue | Villager (Male) |
| 18:51 | Queue | Villager (Male) |
| 19:00 | Queue | Unit 2550 |
| 19:12 | Build | Farm |
| 19:12 | Build | Farm |
| 19:12 | Build | Farm |
| 19:15 | Queue | Unit 2550 |
| 19:35 | Queue | Unit 2550 |
| 19:35 | Queue | Unit 2550 |
| 19:40 | Build | Farm |
| 19:41 | Build | Farm |
| 19:41 | Build | Farm |
| 20:15 | Research | Forging |
| 20:20 | Build | Farm |
| 20:21 | Build | Farm |
| 20:22 | Queue | Villager (Male) |
| 20:25 | Build | Barracks |
| 20:44 | Queue | Villager (Male) |
| 20:51 | Queue | Villager (Male) |
| 21:00 | Queue | Unit 2550 |
| 21:00 | Queue | Unit 2550 |
| 21:18 | Queue | Villager (Male) |
| 21:18 | Queue | Villager (Male) |
| 21:26 | Build | Farm |
| 21:58 | Research | Arson |
| 22:02 | Queue | Unit 2550 |
| 22:02 | Queue | Unit 2550 |
| 22:03 | Queue | Unit 2550 |
| 22:03 | Queue | Unit 2550 |
Build order — Chifuu
First 150 of 527 actions detected
| 0:00 | Queue | Villager (Male) |
| 0:00 | Queue | Villager (Male) |
| 0:01 | Queue | Villager (Male) |
| 0:01 | Queue | Villager (Male) |
| 0:02 | Build | House |
| 0:03 | Build | House |
| 1:23 | Queue | Villager (Male) |
| 1:23 | Queue | Villager (Male) |
| 1:51 | Build | Lumber Camp |
| 2:12 | Queue | Villager (Male) |
| 2:12 | Queue | Villager (Male) |
| 2:12 | Queue | Villager (Male) |
| 3:00 | Queue | Villager (Male) |
| 3:00 | Queue | Villager (Male) |
| 3:18 | Queue | Villager (Male) |
| 3:54 | Queue | Villager (Male) |
| 3:54 | Queue | Villager (Male) |
| 3:59 | Build | House |
| 4:19 | Queue | Villager (Male) |
| 4:19 | Queue | Villager (Male) |
| 4:20 | Queue | Villager (Male) |
| 4:47 | Build | Mill |
| 4:59 | Queue | Villager (Male) |
| 4:59 | Queue | Villager (Male) |
| 4:59 | Queue | Villager (Male) |
| 5:39 | Build | House |
| 6:03 | Queue | Villager (Male) |
| 6:12 | Build | Palisade Wall |
| 6:30 | Queue | Villager (Male) |
| 6:58 | Queue | Villager (Male) |
| 6:59 | Research | Loom |
| 7:06 | Build | Mining Camp |
| 7:32 | Build | Palisade Wall |
| 7:37 | Build | Palisade Wall |
| 7:47 | Build | Palisade Gate |
| 8:02 | Queue | Villager (Male) |
| 8:06 | Build | Palisade Gate |
| 8:26 | Research | Feudal Age |
| 8:26 | Research | Feudal Age |
| 8:32 | Build | Palisade Wall |
| 8:34 | Build | Palisade Wall |
| 8:42 | Build | Palisade Wall |
| 8:44 | Build | Palisade Wall |
| 8:47 | Build | Palisade Wall |
| 8:48 | Build | Palisade Wall |
| 8:58 | Build | Barracks |
| 9:53 | Queue | Militia |
| 9:54 | Queue | Militia |
| 10:02 | Queue | Militia |
| 10:36 | Age | Feudal Age |
| 10:40 | Queue | Villager (Male) |
| 10:42 | Research | Double-Bit Axe |
| 10:46 | Build | House |
| 11:11 | Build | House |
| 11:17 | Build | Archery Range |
| 11:59 | Queue | Villager (Male) |
| 12:16 | Queue | Archer |
| 12:17 | Queue | Archer |
| 12:26 | Queue | Archer |
| 12:34 | Research | Man-at-Arms (upgrade) |
| 12:41 | Build | Lumber Camp |
| 12:45 | Build | House |
| 12:50 | Build | Farm |
| 12:52 | Queue | Archer |
| 13:10 | Queue | Villager (Male) |
| 13:24 | Build | Watch Tower |
| 13:35 | Queue | Villager (Male) |
| 13:39 | Queue | Archer |
| 13:49 | Queue | Villager (Male) |
| 13:52 | Build | Farm |
| 13:53 | Build | Farm |
| 13:54 | Build | House |
| 13:57 | Build | House |
| 13:58 | Build | Palisade Wall |
| 14:04 | Queue | Villager (Male) |
| 14:14 | Queue | Villager (Male) |
| 14:41 | Queue | Villager (Male) |
| 14:44 | Build | Farm |
| 14:45 | Build | Farm |
| 14:48 | Queue | Archer |
| 14:56 | Build | Palisade Wall |
| 14:57 | Build | Palisade Wall |
| 14:58 | Build | Palisade Wall |
| 14:59 | Build | Palisade Wall |
| 15:07 | Queue | Villager (Male) |
| 15:09 | Build | Farm |
| 15:11 | Build | Farm |
| 15:12 | Build | Farm |
| 15:28 | Build | Mining Camp |
| 15:30 | Queue | Villager (Male) |
| 15:45 | Build | Farm |
| 16:24 | Queue | Villager (Male) |
| 16:27 | Build | Farm |
| 16:32 | Build | House |
| 16:37 | Build | Stone Wall |
| 16:40 | Build | Stone Wall |
| 17:06 | Queue | Villager (Male) |
| 17:08 | Queue | Militia |
| 17:09 | Queue | Militia |
| 17:11 | Build | Farm |
| 17:12 | Build | Farm |
| 17:19 | Build | Stone Wall |
| 17:22 | Build | Stone Wall |
| 17:23 | Build | Stone Wall |
| 17:32 | Build | Stone Wall |
| 17:37 | Queue | Villager (Male) |
| 17:41 | Build | Farm |
| 17:42 | Queue | Militia |
| 17:43 | Queue | Archer |
| 17:56 | Build | Palisade Wall |
| 18:11 | Queue | Militia |
| 18:13 | Queue | Militia |
| 18:14 | Queue | Villager (Male) |
| 18:16 | Queue | Militia |
| 18:30 | Build | House |
| 19:14 | Queue | Villager (Male) |
| 19:29 | Queue | Militia |
| 19:40 | Queue | Villager (Male) |
| 19:42 | Research | Horse Collar |
| 19:49 | Build | Market |
| 20:02 | Build | House |
| 20:03 | Build | House |
| 20:05 | Build | Palisade Wall |
| 20:07 | Build | Farm |
| 20:09 | Build | Farm |
| 20:10 | Build | Farm |
| 20:23 | Build | Stone Wall |
| 20:24 | Queue | Villager (Male) |
| 20:28 | Research | Wheelbarrow |
| 20:50 | Build | House |
| 21:02 | Build | Stone Wall |
| 21:04 | Build | Stone Wall |
| 21:13 | Queue | Militia |
| 21:15 | Queue | Archer |
| 21:16 | Queue | Archer |
| 21:20 | Build | Farm |
| 21:21 | Build | Farm |
| 21:23 | Build | House |
| 21:28 | Build | House |
| 21:38 | Queue | Villager (Male) |
| 21:59 | Build | Stone Wall |
| 22:01 | Build | Stone Wall |
| 22:03 | Build | Stone Wall |
| 22:06 | Build | Stone Wall |
| 22:11 | Build | Stone Wall |
| 22:44 | Research | Castle Age |
| 22:44 | Research | Castle Age |
| 23:03 | Build | Blacksmith |
| 23:13 | Queue | Militia |
| 23:23 | Queue | Militia |
Match timeline
| 4:31 | hoyohoyo9 · first_building Barracks |
| 5:30 | hoyohoyo9 · wall_segment Palisade Wall x7 |
| 6:12 | Chifuu · wall_segment Palisade Wall x1 |
| 7:11 | hoyohoyo9 · wall_segment Palisade Wall x10 |
| 7:32 | Chifuu · wall_segment Palisade Wall x1 |
| 7:37 | Chifuu · wall_segment Palisade Wall x1 |
| 8:32 | Chifuu · wall_segment Palisade Wall x1 |
| 8:34 | Chifuu · wall_segment Palisade Wall x1 |
| 8:42 | Chifuu · wall_segment Palisade Wall x1 |
| 8:43 | hoyohoyo9 · wall_segment Palisade Wall x4 |
| 8:44 | Chifuu · wall_segment Palisade Wall x1 |
| 8:47 | Chifuu · wall_segment Palisade Wall x1 |
| 8:48 | Chifuu · wall_segment Palisade Wall x1 |
| 8:58 | Chifuu · first_building Barracks |
| 10:36 | Chifuu · age_up feudal |
| 10:54 | hoyohoyo9 · wall_segment Palisade Wall x1 |
| 11:17 | Chifuu · first_building Archery Range |
| 11:50 | hoyohoyo9 · wall_segment Palisade Wall x1 |
| 12:15 | hoyohoyo9 · wall_segment Palisade Wall x1 |
| 12:17 | hoyohoyo9 · wall_segment Palisade Wall x1 |
| 12:18 | hoyohoyo9 · wall_segment Palisade Wall x1 |
| 12:20 | hoyohoyo9 · wall_segment Palisade Wall x1 |
| 13:21 | hoyohoyo9 · wall_segment Palisade Wall x1 |
| 13:22 | hoyohoyo9 · wall_segment Palisade Wall x1 |
| 13:24 | hoyohoyo9 · wall_segment Palisade Wall x1 |
| 13:40 | hoyohoyo9 · wall_segment Palisade Wall x1 |
| 13:49 | hoyohoyo9 · wall_segment Palisade Wall x3 |
| 13:54 | hoyohoyo9 · wall_segment Palisade Wall x4 |
| 13:56 | hoyohoyo9 · age_up feudal |
| 13:58 | Chifuu · wall_segment Palisade Wall x4 |
| 14:14 | hoyohoyo9 · wall_segment Palisade Wall x1 |
| 14:56 | Chifuu · wall_segment Palisade Wall x3 |
| 14:57 | Chifuu · wall_segment Palisade Wall x3 |
| 14:58 | Chifuu · wall_segment Palisade Wall x1 |
| 14:59 | Chifuu · wall_segment Palisade Wall x1 |
| 15:37 | hoyohoyo9 · wall_segment Palisade Wall x1 |
| 16:37 | Chifuu · wall_segment Stone Wall x1 |
| 16:40 | Chifuu · wall_segment Stone Wall x1 |
| 17:19 | Chifuu · wall_segment Stone Wall x6 |
| 17:22 | Chifuu · wall_segment Stone Wall x7 |
| 17:23 | Chifuu · wall_segment Stone Wall x1 |
| 17:32 | Chifuu · wall_segment Stone Wall x8 |
| 17:56 | Chifuu · wall_segment Palisade Wall x1 |
| 18:12 | hoyohoyo9 · wall_segment Palisade Wall x8 |
| 20:05 | Chifuu · wall_segment Palisade Wall x8 |
| 20:23 | Chifuu · wall_segment Stone Wall x7 |
| 21:02 | Chifuu · wall_segment Stone Wall x1 |
| 21:04 | Chifuu · wall_segment Stone Wall x1 |
| 21:59 | Chifuu · wall_segment Stone Wall x3 |
| 22:01 | Chifuu · wall_segment Stone Wall x1 |
| 22:03 | Chifuu · wall_segment Stone Wall x1 |
| 22:06 | Chifuu · wall_segment Stone Wall x1 |
| 22:11 | Chifuu · wall_segment Stone Wall x1 |
| 22:42 | Chifuu · first_market_sell 100 wood |
| 24:33 | hoyohoyo9 · first_market_sell 100 wood |
| 24:34 | hoyohoyo9 · first_market_buy 100 food |
| 25:24 | Chifuu · age_up castle |
| 25:42 | hoyohoyo9 · wall_segment Palisade Wall x3 |
| 27:27 | hoyohoyo9 · age_up castle |
| 27:53 | hoyohoyo9 · first_building Castle |
| 27:57 | Chifuu · first_market_buy 100 wood |
| 28:02 | Chifuu · first_building Siege Workshop |
| 28:22 | Chifuu · wall_segment Stone Wall x2 |
| 34:07 | hoyohoyo9 · wall_segment Stone Wall x1 |
| 46:22 | Chifuu · first_building Castle |
| 49:25 | hoyohoyo9 · age_up imperial |
| 55:18 | Chifuu · age_up imperial |
| 60:02 | hoyohoyo9 · resign |
[ AI ANALYSIS · 1 CREDIT ]
What really happened in this match?
Wolo.gg analyzes every decision: build order, eco, micro, common mistakes by bracket. Personalized analysis on WhatsApp or Discord in 30 seconds.
Civ guide
Tupi
Perfil
Jugador #237553